[Event "*** SCC Grand Prix: Titled Tuesday Blitz"]
[Site "Chess.com"]
[Date "2020.07.07"]
[Round "8"]
[White "Efremov_Vlad"]
[Black "FMalexhdez"]
[Result "1-0"]
[WhiteElo "2203"]
[BlackElo "2117"]
[TimeControl "180+1"]
[EndTime "11:32:58 PDT"]
[Termination "Efremov_Vlad won by resignation"]

1. d4 Nf6 2. c4 e6 3. Nf3 d5 4. Nc3 Be7 5. Bf4 O-O 6. e3 b6 7. Qc2 Bb7 8. Rd1 Nbd7 9. cxd5 exd5 10. Bd3 c5 11. O-O c4 12. Bf5 a6 13. Ne5 b5 14.
Nxd7 Nxd7 15. Bxh7+ Kh8 16. Bf5 g6 17. Bh3 Kg7 18.
e4 dxe4 19. Nxe4 Nf6 20. Be5 Qd5 21. f3 Rh8 22. Qd2 Rh5 23. Qf4 Rxe5 24. dxe5 Qc5+ 25. Kh1 Nd5 26. Nxc5 1-0

[Event "*** SCC Grand Prix: Titled Tuesday Blitz"]
[Site "Chess.com"]
[Date "2020.07.07"]
[Round "8"]
[White "Natalya_Buksa"]
[Black "2346PL"]
[Result "1-0"]
[WhiteElo "2560"]
[BlackElo "2411"]
[TimeControl "180+1"]
[EndTime "11:32:59 PDT"]
[Termination "Natalya_Buksa won by resignation"]

1. d4 f5 2. g4 e6 3. gxf5 exf5 4. Nc3 d5 5. Nf3 Nf6 6. Bg5 c6 7. Qd2 Be7 8. Bxf6 Bxf6 9. O-O-O Be6 10. Rg1 Nd7 11. Ng5 Bxg5 12. Rxg5 g6 13. Rg1 Qh4 14. h3 O-O-O 15. f3 f4 16. e4 fxe3 17. Qxe3 Rde8 18. Qd2 Bf5 19. Na4 Kb8 20. Kb1 Re7 21. Qb4 Rhe8 22. Ba6 b6 23. Qd6+ 1-0

[Event "*** SCC Grand Prix: Titled Tuesday Blitz"]
[Site "Chess.com"]
[Date "2020.07.07"]
[Round "8"]
[White "InitiatingASC"]
[Black "ShahMatKanal"]
[Result "0-1"]
[WhiteElo "2334"]
[BlackElo "2482"]
[TimeControl "180+1"]
[EndTime "11:33:06 PDT"]
[Termination "ShahMatKanal won by resignation"]

1. Nf3 d5 2. b3 Nf6 3. Bb2 Bf5 4. e3 e6 5. c4 c6 6. cxd5 exd5 7. Be2 Bd6 8. O-O O-O 9. d3 Nbd7 10. Nbd2 h6 11. Rc1 Bh7 12. Qc2 Re8 13. Rfe1 Qe7 14. Qb1 Ng4 15. Nf1 Nde5 16. Nxe5 Nxe5 17. Rcd1 a5 18. Qa1 a4 19. Bxe5 Bxe5 20. d4 Bd6 21.
bxa4 Rxa4 22. Qb2 Rea8 23. Ra1 Ba3 24. Qb3 Rb4 25. Qd1 Bb2 26. Nd2 Bxa1 27. Qxa1 Rba4 28. Qc3 Rxa2 29. Nb3 Rc2 0-1

[Event "*** SCC Grand Prix: Titled Tuesday Blitz"]
[Site "Chess.com"]
[Date "2020.07.07"]
[Round "8"]
[White "ketster"]
[Black "Sacbutt"]
[Result "1-0"]
[WhiteElo "2435"]
[BlackElo "2306"]
[TimeControl "180+1"]
[EndTime "11:33:09 PDT"]
[Termination "ketster won by resignation"]

1. d4 Nf6 2. c4 e6 3. g3 d5 4.
Bg2 Be7 5. Nf3 O-O 6. Nc3 a6 7. O-O Nbd7 8. b3 c6 9. Bb2 Qc7 10. Rc1 dxc4 11. bxc4 c5 12. d5 exd5 13. cxd5 Bd6 14. e4 Ne5 15. Nxe5 Bxe5 16. Na4 Bxb2 17. Nxb2 Rd8 18. Qc2 b6 19. d6 Qa7 20. e5 1-0

[Event "*** SCC Grand Prix: Titled Tuesday Blitz"]
[Site "Chess.com"]
[Date "2020.07.07"]
[Round "8"]
[White "ElCoachRene"]
[Black "sertalzin"]
[Result "1-0"]
[WhiteElo "2222"]
[BlackElo "2024"]
[TimeControl "180+1"]
[EndTime "11:33:28 PDT"]
[Termination "ElCoachRene won by resignation"]

1. d4 d5 2. Bf4 Nf6 3. e3 g6 4. Nf3 Bg7 5. Nbd2 O-O 6. Bd3 Nh5 7.
Bg5 h6 8. Bh4 g5 9. Nxg5 hxg5 10. Qxh5 Re8 11. Qh7+ Kf8 12. Bxg5 f5 13. Bxf5 Bxf5 14.
Qxf5+ Kg8 15. Qg6 Nc6 16. Bh6 1-0

[Event "*** SCC Grand Prix: Titled Tuesday Blitz"]
[Site "Chess.com"]
[Date "2020.07.07"]
[Round "8"]
[White "VladimirBugayev"]
[Black "rududuyk"]
[Result "1-0"]
[WhiteElo "2250"]
[BlackElo "2082"]
[TimeControl "180+1"]
[EndTime "11:33:40 PDT"]
[Termination "VladimirBugayev won by resignation"]

1. e4 e6 2. d4 d5 3. Nd2 Nf6 4. e5 Nfd7 5. Bd3 c5 6. c3 Nc6 7. Ne2 cxd4 8. cxd4 f6 9. exf6 Nxf6 10. Nf3 Bd6 11.
Bf4 O-O 12. O-O Nh5 13. Bxd6 Qxd6 14. Qc2 g6 15. Bxg6 hxg6 16. Qxg6+ Ng7 17. Ng5 Rf5 18. Qh7+ Kf8 19. Qh8+ Ke7 20. Qxg7+ Ke8 21. Ng3 Rf8 22. Nh7 Rf4 23. Nh5 Rh4 24. N5f6+ Kd8 25. Qg8+ Kc7 26.
Ne8+ Kd7 27. Nxd6 Kxd6 28. Qg3+ 1-0

[Event "*** SCC Grand Prix: Titled Tuesday Blitz"]
[Site "Chess.com"]
[Date "2020.07.07"]
[Round "8"]
[White "aNaartjieZA"]
[Black "Keithonsky"]
[Result "0-1"]
[WhiteElo "2525"]
[BlackElo "2432"]
[TimeControl "180+1"]
[EndTime "11:33:42 PDT"]
[Termination "Keithonsky won by resignation"]

1. e4 c5 2. Nf3 e6 3. d3 Nc6 4. g3 Nge7 5. Bg2 g6 6. O-O Bg7 7. Re1 d6 8. Nbd2 O-O 9. a4 b6 10. c3 e5 11. Nc4 h6 12. h3 Be6 13. Kh2 Rb8 14. Ne3 f5 15. exf5 gxf5 16. Nh4 f4 17.
Nc2 Qd7 18. Qe2 fxg3+ 19. fxg3 Rf7 20. Be3 Rbf8 21. Qh5 Bb3 22. Re2 Bd5 23. Ng6 Rd8 24. Bxd5 Nxd5 25. Bxh6 Bxh6 26. h4 Nf6 0-1

[Event "*** SCC Grand Prix: Titled Tuesday Blitz"]
[Site "Chess.com"]
[Date "2020.07.07"]
[Round "8"]
[White "GM_LOADING"]
[Black "ljuks68"]
[Result "1-0"]
[WhiteElo "2574"]
[BlackElo "2439"]
[TimeControl "180+1"]
[EndTime "11:33:46 PDT"]
[Termination "GM_LOADING won by resignation"]

1. e4 e6 2. d4 d5 3. Nc3 Bb4 4. Ne2 Nc6 5. a3 Ba5 6. e5 f6 7. Nf4 fxe5 8. Qh5+ g6 9. Nxg6 Nf6 10. Qh4 Rg8 11.
Nxe5 Nxe5 12. dxe5 Ne4 13. Qxh7 Rf8 14. Bd3 c5 15.
Bxe4 dxe4 16. Qg6+ Rf7 17. Bh6 1-0

[Event "*** SCC Grand Prix: Titled Tuesday Blitz"]
[Site "Chess.com"]
[Date "2020.07.07"]
[Round "8"]
[White "Klaus1995"]
[Black "Na_binci"]
[Result "1-0"]
[WhiteElo "1878"]
[BlackElo "1998"]
[TimeControl "180+1"]
[EndTime "11:33:46 PDT"]
[Termination "Klaus1995 won by resignation"]

1. e4 c5 2. Nf3 d6 3. d4 cxd4 4. Nxd4 Nf6 5. Nc3 g6 6. Be3 Bg7 7. f3 O-O 8. Qd2 Nc6 9. O-O-O d5 10. Nxc6 bxc6 11. exd5 cxd5 12. Nxd5 Nxd5 13. Qxd5 Qc7 14. Qc5 Qb8 15. Bc4 Qxb2+ 16. Kd2 Bc3+ 17. Ke2 Qxc2+ 18. Bd2 e6 19. Bb3 Ba6+ 20. Kf2 Qxd2+ 21. Rxd2 Bxd2 22. Qd6 Rfd8 23. Qxa6 Bf4 24. Rd1 Rd2+ 25. Rxd2 Bxd2 26.
Bxe6 fxe6 27. Qxe6+ Kg7 28. Qd7+ 1-0

[Event "*** SCC Grand Prix: Titled Tuesday Blitz"]
[Site "Chess.com"]
[Date "2020.07.07"]
[Round "8"]
[White "GEKKESPONS"]
[Black "Manukyan_Artak"]
[Result "0-1"]
[WhiteElo "2520"]
[BlackElo "2362"]
[TimeControl "180+1"]
[EndTime "11:33:50 PDT"]
[Termination "Manukyan_Artak won by resignation"]

1. d4 Nf6 2. Nf3 g6 3. g3 Bg7 4. Bg2 O-O 5. O-O d5 6. c4 c6 7. Nbd2 Bf5 8. b3 Ne4 9. Bb2 Nd7 10. Nh4 Nxd2 11. Qxd2 Be4 12. f3 Bf5 13. e4 Be6 14.
Rae1 a5 15. exd5 cxd5 16. Rxe6 fxe6 17. Bh3 Rf6 18. Re1 Nf8 19. f4 a4 20. Nf3 axb3 21. axb3 Ra2 22. Ng5 Qb6 23. c5 Qxb3 24. Re2 h6 0-1

[Event "*** SCC Grand Prix: Titled Tuesday Blitz"]
[Site "Chess.com"]
[Date "2020.07.07"]
[Round "8"]
[White "superchess02"]
[Black "Anton_Demchenko"]
[Result "0-1"]
[WhiteElo "2662"]
[BlackElo "2864"]
[TimeControl "180+1"]
[EndTime "11:33:51 PDT"]
[Termination "Anton_Demchenko won by resignation"]

1. e4 e5 2. Nf3 Nc6 3. Bb5 a6 4. Ba4 Nge7 5. O-O Ng6 6. d4 exd4 7. Nxd4 Nxd4 8. Qxd4 b5 9. Bb3 Bb7 10. c3 Bd6 11. f4 Qe7 12. Kh1 Bc5 13. Qd2 O-O-O 14. Bd5 c6 15. Bb3 Qxe4 16. Re1 Qf5 17. Bc2 Qf6 18. f5 Ne5 19. Qg5 Rde8 20. Qxf6 gxf6 21. h3 Nd3 22. Rxe8+ Rxe8 23. Bd2 Nxb2 0-1

[Event "*** SCC Grand Prix: Titled Tuesday Blitz"]
[Site "Chess.com"]
[Date "2020.07.07"]
[Round "8"]
[White "mbachez"]
[Black "xberli"]
[Result "1/2-1/2"]
[WhiteElo "2421"]
[BlackElo "2307"]
[TimeControl "180+1"]
[EndTime "11:33:51 PDT"]
[Termination "Game drawn - insufficient material"]

1. d4 Nf6 2. Bf4 g6 3. Nd2 Bg7 4. Ngf3 O-O 5. e3 d6 6. c3 Nc6 7. h3 Re8 8. Bb5 a6 9. Ba4 b5 10. Bb3 e5 11. dxe5 dxe5 12. Bh2 h6 13. O-O Bb7 14.
a4 Qe7 15. axb5 axb5 16. Qc2 Qc5 17. Qxg6 Qe7 18. Nh4 Kh8 19. Bxf7 Red8 20. Rxa8 Bxa8 21. Nf5 Qf8 22. Nf3 Ne7 23. Nxe7 Bxf3 24. Nf5 Bh5 25. Qxg7+ Qxg7 26. Nxg7 Kxg7 27. Bxh5 Nxh5 28. Bxe5+ Kg6 29.
g4 Nf6 30. Bxf6 Kxf6 31. Kg2 Rd2 32. Rb1 Ke5 33. Kg3 c5 34. h4 Ke4 35. g5 h5 36. b4 c4 37. g6 Rd6 38. f3+ Kxe3 39. Re1+ Kd2 40. Re5 Rxg6+ 41. Kf4 Kxc3 42. Rxb5 Kb2 43.
Rxh5 c3 44. Rc5 Rb6 45. b5 c2 46. h5 c1=Q+ 47. Rxc1 Kxc1 48. Kg4 Kd2 49. f4 Ke3 50. f5 Ke4 51. Kg5 Rxb5 52. h6 Rxf5+ 53. Kg6 Kf4 54. h7 Rg5+ 55. Kh6 Rg1 56. h8=Q Rh1+ 57. Kg7 Rxh8 58. Kxh8 1/2-1/2

[Event "*** SCC Grand Prix: Titled Tuesday Blitz"]
[Site "Chess.com"]
[Date "2020.07.07"]
[Round "8"]
[White "Caterpiller35"]
[Black "GianmarcoVaR"]
[Result "0-1"]
[WhiteElo "2379"]
[BlackElo "2537"]
[TimeControl "180+1"]
[EndTime "11:33:52 PDT"]
[Termination "GianmarcoVaR won by resignation"]

1. d4 Nf6 2. Bg5 Ne4 3. Bf4 d5 4. e3 c5 5. Bd3 Nf6 6. c3 Nc6 7. Nd2 Bg4 8. Ngf3 e6 9. Qa4 Nd7 10. O-O Be7 11. Rae1 O-O 12. e4 cxd4 13. exd5 Nb6 14. Qc2 Nxd5 15. Bxh7+ Kh8 16. Nxd4 Nxd4 17. cxd4 Nxf4 18. Qe4 f5 19. Qxf4 Bg5 20. Qg3 Bxd2 21. Rxe6 Kxh7 22. h3 Bh5 23. Qd3 Bh6 24. Rfe1 Bg6 25.
R1e3 Bxe3 0-1

[Event "*** SCC Grand Prix: Titled Tuesday Blitz"]
[Site "Chess.com"]
[Date "2020.07.07"]
[Round "8"]
[White "WeAintSurePal"]
[Black "FearNoEvil12"]
[Result "0-1"]
[WhiteElo "2266"]
[BlackElo "2051"]
[TimeControl "180+1"]
[EndTime "11:33:52 PDT"]
[Termination "FearNoEvil12 won by resignation"]

1. e4 a6 2. c4 b6 3. d4 Bb7 4. Nc3 e6 5. Bd3 c5 6. d5 e5 7. Nge2 d6 8. O-O g6 9. f4 exf4 10. Bxf4 Nd7 11. Qd2 Qe7 12. Rae1 Bg7 13. Kh1 Ne5 14.
b3 Nf6 15. Bb1 Nfd7 16. Bh6 Bxh6 17. Qxh6 O-O-O 18. Ng3 f6 19. Na4 Kc7 20. Nb2 Ng4 21.
Qf4 h5 22. h3 Nge5 23. Nd3 Rdf8 24. Nxe5 Nxe5 25. Qf2 Bc8 26. Ne2 g5 27. Ng3 h4 28.
Nf5 Bxf5 29. Qxf5 g4 30. Rf4 gxh3 31. gxh3 Rhg8 32. Rg1 Rxg1+ 33. Kxg1 Qg7+ 34. Kh1 Rg8 0-1

[Event "*** SCC Grand Prix: Titled Tuesday Blitz"]
[Site "Chess.com"]
[Date "2020.07.07"]
[Round "8"]
[White "grandemestregringo"]
[Black "RobertoJBM"]
[Result "0-1"]
[WhiteElo "2506"]
[BlackElo "2716"]
[TimeControl "180+1"]
[EndTime "11:34:02 PDT"]
[Termination "RobertoJBM won by resignation"]

1. d4 d5 2. c4 c6 3. Nf3 Nf6 4. e3 Bf5 5. Nc3 e6 6. Nh4 Bg6 7. Be2 Nbd7 8. Bd2 Bd6 9. g3 O-O 10. Nxg6 hxg6 11. O-O Qe7 12. c5 Bc7 13. f4 Ne4 14.
Nxe4 dxe4 15. b4 a6 16. a4 f5 17. b5 axb5 18. axb5 Nf6 19. b6 Rxa1 20. Qxa1 Bb8 21.
Qb2 Nd5 22. Ra1 g5 23. Bc4 gxf4 24. gxf4 g5 25. fxg5 Qxg5+ 26. Kh1 Kf7 27. Rg1 Qh5 28. Be1 Nxe3 29. Qe2 Qxh2+ 30. Qxh2 Bxh2 31. Kxh2 Nxc4 0-1

[Event "*** SCC Grand Prix: Titled Tuesday Blitz"]
[Site "Chess.com"]
[Date "2020.07.07"]
[Round "8"]
[White "jonaszmb"]
[Black "jacky72"]
[Result "0-1"]
[WhiteElo "2470"]
[BlackElo "2644"]
[TimeControl "180+1"]
[EndTime "11:34:04 PDT"]
[Termination "jacky72 won by resignation"]

1. e4 e5 2. Nf3 Nf6 3. d4 Nxe4 4. dxe5 d5 5. Nbd2 Nc5 6. Nb3 Ne6 7. Nbd4 c5 8. Bb5+ Bd7 9. Nxe6 fxe6 10. Bxd7+ Qxd7 11. c4 d4 12. O-O Be7 13. b4 O-O 14. bxc5 Bxc5 15.
Ng5 h6 16. Ne4 Be7 17. Qg4 Kh8 18. f4 Nc6 19. Rf3 d3 20. Be3 Nd4 21. Rh3 Nf5 22. Rd1 Qc6 23. Ng3 Nxe3 24. Rxh6+ gxh6 25. Qh3 Qxg2+ 26. Qxg2 Nxg2 27. Kxg2 Rad8 0-1

[Event "*** SCC Grand Prix: Titled Tuesday Blitz"]
[Site "Chess.com"]
[Date "2020.07.07"]
[Round "8"]
[White "vangulio"]
[Black "1f3_2g41-0"]
[Result "0-1"]
[WhiteElo "2434"]
[BlackElo "2311"]
[TimeControl "180+1"]
[EndTime "11:34:09 PDT"]
[Termination "1f3_2g41-0 won by resignation"]

1. d4 Nf6 2. Nf3 g6 3. g3 d5 4. Bg2 Bg7 5. O-O O-O 6. c4 c6 7. cxd5 cxd5 8. Ne5 Ne4 9. Nd2 Nxd2 10. Bxd2 Nc6 11.
Bf4 Bf5 12. Rc1 Rc8 13. Qa4 Qb6 14. Bxd5 Nxd4 15. Bc4 Qxb2 16. Rce1 b5 0-1

[Event "*** SCC Grand Prix: Titled Tuesday Blitz"]
[Site "Chess.com"]
[Date "2020.07.07"]
[Round "8"]
[White "bascheyaro"]
[Black "random_mango"]
[Result "1/2-1/2"]
[WhiteElo "2698"]
[BlackElo "2419"]
[TimeControl "180+1"]
[EndTime "11:34:10 PDT"]
[Termination "Game drawn by repetition"]

1. d4 d5 2. c4 c6 3. Nc3 Nf6 4. Bf4 dxc4 5. e3 b5 6. Nf3 Bb7 7. Be2 Nbd7 8. O-O e6 9. Ne5 Be7 10. a4 a6 11. Bf3 Nd5 12. Bxd5 exd5 13. Qh5 O-O 14. Rfb1 Nxe5 15. Bxe5 Bf6 16. Bg3 b4 17. Ne2 a5 18. Qf3 Re8 19. Nf4 g6 20. Rc1 Bg7 21. h4 h5 22. Nh3 Qf6 23. Qd1 Ba6 24. Ng5 Qf5 25. Bc7 Bb7 26. Nf3 Re4 27. Qd2 Qd7 28.
Bb6 f5 29. g3 Bh6 30. Ne5 Qe6 31. Bxa5 Rxa5 32. Qxb4 Ra7 33. Qb6 Ra8 34. Qxb7 Re8 35. a5 Rxe5 36. dxe5 Qxe5 37. Qxc6 Bxe3 38. Qxg6+ Kh8 39. Qxh5+ Kg8 40. Re1 Qxg3+ 41. Kh1 Qh3+ 42.
Kg1 Qg3+ 43. Kh1 Qh3+ 44. Kg1 Qg3+ 1/2-1/2

[Event "*** SCC Grand Prix: Titled Tuesday Blitz"]
[Site "Chess.com"]
[Date "2020.07.07"]
[Round "8"]
[White "Kavyev_Ruslan"]
[Black "giantslayer83"]
[Result "0-1"]
[WhiteElo "2553"]
[BlackElo "2733"]
[TimeControl "180+1"]
[EndTime "11:34:11 PDT"]
[Termination "giantslayer83 won by resignation"]

1. d4 Nf6 2. c4 e6 3. g3 d5 4. Nf3 Be7 5. Bg2 O-O 6. Nc3 dxc4 7. Ne5 Qd6 8. Nxc4 Qa6 9. b3 Rd8 10. O-O c5 11. e3 Nc6 12. Ne2 b5 13. Ne5 Bb7 14.
Nxc6 Bxc6 15. Bxc6 Qxc6 16. Bb2 Ne4 17. h4 e5 18. Rc1 Qg6 19. Qd3 Nxg3 20. Qxg6 Nxe2+ 21. Kg2 hxg6 22. Rc2 exd4 23. Rxe2 d3 24. Rd2 Bxh4 25. Rc1 Rac8 26. a4 a6 27. Ba3 c4 28. axb5 axb5 29.
bxc4 bxc4 30. Bb2 Be7 31. Bc3 Rb8 32. Bd4 Rdc8 33. Be5 Bb4 34. Rb2 d2 35. Rd1 c3 36.
Rc2 Rb5 37. Rdxd2 Rxe5 0-1

[Event "*** SCC Grand Prix: Titled Tuesday Blitz"]
[Site "Chess.com"]
[Date "2020.07.07"]
[Round "8"]
[White "Fortitudine"]
[Black "margarita_2703"]
[Result "0-1"]
[WhiteElo "2254"]
[BlackElo "2393"]
[TimeControl "180+1"]
[EndTime "11:34:11 PDT"]
[Termination "margarita_2703 won on time"]

1. d4 Nf6 2. Nc3 d5 3. Bg5 Ne4 4. Nxe4 dxe4 5. Qd2 h6 6. Be3 Bf5 7. O-O-O c6 8. f3 e6 9. g3 Nd7 10. Bg2 Nf6 11. Nh3 exf3 12. exf3 Nd5 13. Rhe1 Nb4 14.
Re2 Nxa2+ 15. Kb1 Nb4 16. Qc3 Qa5 17. Nf4 Qa2+ 18. Kc1 Qa6 0-1

[Event "*** SCC Grand Prix: Titled Tuesday Blitz"]
[Site "Chess.com"]
[Date "2020.07.07"]
[Round "8"]
[White "shineatchess"]
[Black "Ati1517"]
[Result "1-0"]
[WhiteElo "2196"]
[BlackElo "2359"]
[TimeControl "180+1"]
[EndTime "11:34:12 PDT"]
[Termination "shineatchess won by resignation"]

1. Nf3 d5 2. g3 c5 3. Bg2 Nc6 4. d4 cxd4 5. Nxd4 e5 6. Nxc6 bxc6 7. c4 Nf6 8. O-O Be7 9. Nc3 e4 10. Bg5 O-O 11. cxd5 cxd5 12. Bxf6 Bxf6 13. Nxd5 Bxb2 14. Rb1 Rb8 15. Bxe4 Be6 16. Qd3 h6 17. Rfd1 Qa5 18. Ne7+ Kh8 19. Nc6 Qxa2 20. Nxb8 Rxb8 21. Qd8+ 1-0

[Event "*** SCC Grand Prix: Titled Tuesday Blitz"]
[Site "Chess.com"]
[Date "2020.07.07"]
[Round "8"]
[White "Quattroporte300"]
[Black "VladaSviridova"]
[Result "1-0"]
[WhiteElo "2291"]
[BlackElo "2133"]
[TimeControl "180+1"]
[EndTime "11:34:14 PDT"]
[Termination "Quattroporte300 won by resignation"]

1. e4 e6 2. d4 d5 3. Nd2 c5 4. Ngf3 cxd4 5. Nxd4 Nc6 6. Bb5 Bd7 7. Nxc6 bxc6 8. Bd3 Bd6 9. O-O Ne7 10. Re1 Qc7 11.
Nf3 Bf4 12. e5 Bxc1 13. Qxc1 Ng6 14. Qg5 Qd8 15. Qg3 O-O 16. h4 Re8 17. Ng5 Qe7 18. Re3 h6 19. Nxf7 Qxf7 20. Bxg6 Qe7 21. Bxe8 Bxe8 22. Rae1 Rb8 23. Rb3 Qc7 24. Qg4 Bf7 25. Rg3 Be8 26. Qxe6+ Kh8 27. Qd6 Qxd6 28. exd6 Bf7 29.
Re7 Kg8 30. Rc7 d4 31. d7 Kf8 32. Rc8+ 1-0

[Event "*** SCC Grand Prix: Titled Tuesday Blitz"]
[Site "Chess.com"]
[Date "2020.07.07"]
[Round "8"]
[White "UCantHandleDenker"]
[Black "sewin16"]
[Result "1-0"]
[WhiteElo "2539"]
[BlackElo "2410"]
[TimeControl "180+1"]
[EndTime "11:34:15 PDT"]
[Termination "UCantHandleDenker won by resignation"]

1. Nf3 Nf6 2. g3 d5 3. Bg2 c6 4. O-O Bf5 5. d3 e6 6. Nbd2 h6 7. Qe1 Bh7 8. e4 Be7 9. Ne5 O-O 10. f4 Nbd7 11. Nxd7 Nxd7 12. Kh1 a5 13. Qe2 a4 14. a3 b5 15. g4 Bd6 16. e5 Bc7 17. Nf3 c5 18. g5 Bf5 19. Nh4 hxg5 20. Nxf5 exf5 21. Bxd5 Nxe5 22. Bxa8 Qxa8+ 23. Qg2 Qxg2+ 24. Kxg2 gxf4 25.
Bxf4 f6 26. Rae1 g5 27. Bxe5 fxe5 28. h3 Kg7 29. Re2 Kf6 30. Rxf5+ Kxf5 31. Rf2+ Ke6 32. Rxf8 1-0

[Event "*** SCC Grand Prix: Titled Tuesday Blitz"]
[Site "Chess.com"]
[Date "2020.07.07"]
[Round "8"]
[White "LaPorfia"]
[Black "Nafania1"]
[Result "0-1"]
[WhiteElo "2217"]
[BlackElo "2441"]
[TimeControl "180+1"]
[EndTime "11:34:17 PDT"]
[Termination "Nafania1 won by resignation"]

1. d4 Nf6 2. Nf3 e6 3. Bf4 d5 4. e3 Bd6 5. Bg3 O-O 6. Nbd2 c5 7. c3 Qc7 8. Ne5 Nbd7 9. f4 cxd4 10. exd4 Ne4 11. Bd3 f5 12. O-O Nxe5 13. fxe5 Be7 14. Nf3 Bd7 15. Qe2 Nxg3 16. hxg3 a6 17. Kf2 b5 18. a3 Qb6 19. Rh1 a5 20. Kg1 b4 21.
g4 bxc3 22. bxc3 Rab8 23. gxf5 exf5 24. Rb1 Qg6 25. Re1 Be6 26. Qc2 Bxa3 27. c4 Rb2 28. cxd5 Rxc2 29. Bxc2 Bxd5 0-1

[Event "*** SCC Grand Prix: Titled Tuesday Blitz"]
[Site "Chess.com"]
[Date "2020.07.07"]
[Round "8"]
[White "YellowJacek"]
[Black "DonBroca"]
[Result "1-0"]
[WhiteElo "2259"]
[BlackElo "2122"]
[TimeControl "180+1"]
[EndTime "11:34:20 PDT"]
[Termination "YellowJacek won by resignation"]

1. e4 c5 2. Nf3 d6 3. d4 cxd4 4.
Nxd4 Nf6 5. Nc3 g6 6. Be3 Bg7 7. f3 Nc6 8. Qd2 O-O 9. O-O-O Bd7 10. g4 Rc8 11. h4 h5 12. g5 Ne8 13. f4 Bg4 14.
Be2 Bxe2 15. Ndxe2 Nb4 16. Kb1 Qa5 17. a3 Nc6 18.
Rhf1 Nc7 19. f5 Nb5 20. f6 exf6 21. gxf6 Bh8 22. Nxb5 Qxb5 23. Bh6 Rfd8 24. Nc3 Qe5 25. Bf4 Qe6 26. Nd5 Qxe4 27. Rde1 Qg2 28. Qxg2 1-0

[Event "*** SCC Grand Prix: Titled Tuesday Blitz"]
[Site "Chess.com"]
[Date "2020.07.07"]
[Round "8"]
[White "pfalcon1949"]
[Black "queen_iryna"]
[Result "0-1"]
[WhiteElo "1949"]
[BlackElo "2243"]
[TimeControl "180+1"]
[EndTime "11:34:20 PDT"]
[Termination "queen_iryna won by resignation"]

1. d4 d6 2. e4 Nf6 3. Nc3 e5 4. Nf3 Nbd7 5. Bc4 Be7 6. O-O O-O 7. Bb3 c6 8. Bg5 b5 9. a3 Bb7 10. d5 a6 11. dxc6 Bxc6 12. Nd5 Bxd5 13. exd5 h6 14. Bh4 Nc5 15. Ba2 Nfd7 16. Bxe7 Qxe7 17. Re1 f5 18. b4 Ne4 19. Qd3 Rac8 20. c4 bxc4 21.
Bxc4 a5 22. Rac1 axb4 23. axb4 Nb6 24. Ba2 Qa7 25. Rxc8 Rxc8 26. Bb1 Nc4 27. Nh4 Qxf2+ 28. Kh1 Qxe1+ 0-1

[Event "*** SCC Grand Prix: Titled Tuesday Blitz"]
[Site "Chess.com"]
[Date "2020.07.07"]
[Round "8"]
[White "amatatanav"]
[Black "davigator"]
[Result "1-0"]
[WhiteElo "2429"]
[BlackElo "2305"]
[TimeControl "180+1"]
[EndTime "11:34:28 PDT"]
[Termination "amatatanav won by checkmate"]

1. e4 c5 2. Ne2 Nc6 3. Nbc3 Nf6 4. d4 cxd4 5. Nxd4 d6 6. f3 e5 7. Nb3 Be7 8. Be3 Be6 9. Qd2 h5 10. O-O-O O-O 11. Nd5 Bxd5 12. exd5 Nb8 13. h3 h4 14. f4 Nh5 15. fxe5 dxe5 16. d6 Bf6 17. Bd3 Ng3 18.
Rhf1 Nxf1 19. Rxf1 Nc6 20. Qe2 g6 21. Qg4 Kg7 22.
Nc5 e4 23. Bxe4 Ne5 24. Qf4 Nc4 25. Ne6+ fxe6 26. Qh6+ Kg8 27. Qxg6+ Kh8 28. Qh7# 1-0

[Event "*** SCC Grand Prix: Titled Tuesday Blitz"]
[Site "Chess.com"]
[Date "2020.07.07"]
[Round "8"]
[White "Sam_ChessMood"]
[Black "temus_galaktionov"]
[Result "0-1"]
[WhiteElo "2831"]
[BlackElo "2678"]
[TimeControl "180+1"]
[EndTime "11:34:32 PDT"]
[Termination "temus_galaktionov won by resignation"]

1. e4 c6 2. d4 g6 3. Nf3 d6 4. Nc3 Bg7 5. Be3 Nd7 6. Qd2 e5 7.
O-O-O Qa5 8. Kb1 Ngf6 9. dxe5 dxe5 10. Bh6 O-O 11. Bxg7 Kxg7 12. h4 h6 13. g4 Nxg4 14.
h5 Ndf6 15. Bh3 Be6 16. Bxg4 Nxg4 17. Rdg1 Qd8 18. Qc1 g5 19. Nd1 Kh7 20. Ne3 Nxe3 21. Qxe3 f6 22. Rd1 Qa5 23. b3 Rfd8 24. Nh2 Kg7 25. f3 Qb6 26. Qxb6 axb6 27. Ng4 Bxg4 28. fxg4 Rd4 29. Rxd4 exd4 30. Kc1 Rxa2 31. Kd2 Kf7 32. Rf1 Ke6 33. Rf5 Ra1 0-1

[Event "*** SCC Grand Prix: Titled Tuesday Blitz"]
[Site "Chess.com"]
[Date "2020.07.07"]
[Round "8"]
[White "EvgenyRomanov"]
[Black "wonderfultime"]
[Result "0-1"]
[WhiteElo "2628"]
[BlackElo "2982"]
[TimeControl "180+1"]
[EndTime "11:34:32 PDT"]
[Termination "wonderfultime won by resignation"]

1. e4 c5 2. Nf3 Nf6 3. Nc3 d5 4.
Bb5+ Bd7 5. e5 Bxb5 6. Nxb5 Qd7 7. Nc3 Ng8 8. O-O Nc6 9. Re1 e6 10. Ne2 Nge7 11. d3 Ng6 12. Nf4 Be7 13. Nh5 O-O 14. c3 d4 15. c4 Rae8 16. h4 Bd8 17. Re4 f6 18. exf6 gxf6 19. Bh6 Rf7 20. Qd2 e5 21. Rae1 Kh8 22. Ng3 Rg8 23. h5 Nge7 24.
Nh4 Bc7 25. Qd1 f5 26. R4e2 Qe6 27. Bc1 f4 28. Nf1 Qg4 0-1

[Event "*** SCC Grand Prix: Titled Tuesday Blitz"]
[Site "Chess.com"]
[Date "2020.07.07"]
[Round "8"]
[White "Jospem"]
[Black "Volodar_Murzin"]
[Result "0-1"]
[WhiteElo "2875"]
[BlackElo "2696"]
[TimeControl "180+1"]
[EndTime "11:34:34 PDT"]
[Termination "Volodar_Murzin won by resignation"]

1. e4 c6 2. Nf3 d5 3. d3 g6 4. Qe2 Bg7 5. e5 f6 6. d4 c5 7. dxc5 Nc6 8. exf6 Nxf6 9. Qd1 O-O 10. Be2 e5 11. O-O Bf5 12. c3 Qd7 13. Bg5 h6 14. Bh4 g5 15. Bg3 Ne4 16. Na3 Rad8 17. Nc2 Qe7 18. Ne3 Be6 19. Qa4 d4 20. cxd4 exd4 21. Rfc1 Nxg3 22. hxg3 dxe3 0-1

[Event "*** SCC Grand Prix: Titled Tuesday Blitz"]
[Site "Chess.com"]
[Date "2020.07.07"]
[Round "8"]
[White "bmt011"]
[Black "larisakalinina"]
[Result "0-1"]
[WhiteElo "2098"]
[BlackElo "1940"]
[TimeControl "180+1"]
[EndTime "11:34:35 PDT"]
[Termination "larisakalinina won by resignation"]

1. d4 d5 2. Bf4 Nf6 3. e3 g6 4. Nf3 Bf5 5. c4 Bg7 6. Qb3 b6 7. Nc3 dxc4 8. Bxc4 O-O 9. h3 Nc6 10. Qa4 Na5 11. Ba6 Bd7 12. Bb5 c6 13. Be2 c5 14.
Bb5 cxd4 15. Nxd4 Rc8 16. O-O Bxb5 17. Ncxb5 Qd7 18. b4 Rc4 19. a3 Nd5 20. Nc3 Qxa4 21. Nxa4 Nxf4 22. exf4 Rxd4 0-1

[Event "*** SCC Grand Prix: Titled Tuesday Blitz"]
[Site "Chess.com"]
[Date "2020.07.07"]
[Round "8"]
[White "silverback96"]
[Black "MoreChessJulia"]
[Result "0-1"]
[WhiteElo "2230"]
[BlackElo "1862"]
[TimeControl "180+1"]
[EndTime "11:34:36 PDT"]
[Termination "MoreChessJulia won by checkmate"]

1. e4 g6 2. h4 h5 3. d4 Bg7 4. f3 c5 5. d5 b5 6. Be3 Qb6 7. c3 d6 8. Qd2 e6 9. Be2 Ne7 10. dxe6 Bxe6 11. Nh3 Nbc6 12. Nf4 O-O-O 13. a4 b4 14. Nxe6 fxe6 15. O-O d5 16. a5 Qc7 17.
Bxc5 dxe4 18. Qe3 Ne5 19. Bxa7 Nf5 20. Ba6+ Kd7 21. Rd1+ Ke7 22. Qc5+ Qxc5+ 23. Bxc5+ Kf7 24. Rxd8 Rxd8 25. cxb4 Rd1+ 26. Bf1 Ng3 27. Kf2 Nxf1 28. a6 Nd3+ 29. Ke2 Re1# 0-1